 Dungeon Sprint DCSS version 0.21-a0-504-g2eda33064f (webtiles) character file.

6710 Conn321 the Thaumaturge (level 11, -8/56 (57) HPs)
             Began as an Octopode Fire Elementalist on Nov 25, 2017.
             Was the Champion of Sif Muna.
             Mangled by a tentacle (27 damage)
             ... attached to a kraken
             ... in the Dungeon (Sprint II: "The Violet Keep of Menkaure").
             The game lasted 00:21:07 (2111 turns).

Conn321 the Thaumaturge (OpFE)                      Turns: 2111, Time: 00:21:08

HP:   -8/56 (57)    AC:  1    Str:  8      XL:     11   Next: 3%
MP:   0/29          EV: 17    Int: 15 (16) God:    Sif Muna [******]
Gold: 543           SH:  0    Dex: 13      Spells: 8/38 levels left

rFire    + . .     SeeInvis .   (no weapon)
rCold    + . .     Gourm    .   (no shield)
rNeg     . . .     Faith    .   (helmet restricted)
rPois    .         Spirit   .   (no amulet)
rElec    +         Reflect  .   g - ring of Hoxe {*Corrode rElec rF+ rC+}
rCorr    .         Harm     .   (no ring)
MR       .....     NoTele   +   (no ring)
Stlth    +++.......             (no ring)
HPRegen  0.18/turn              (no ring)
MPRegen  0.21/turn              (no ring)
                                (no ring)
                                (no ring)

@: no status effects
A: almost no armour, stealthy swim, amphibious, 8 rings, constrict 8, camouflage
1, deterioration 1, dopey 2, frail 1, gelatinous body 1, no potion heal 1,
MP-powered wands
a: Divine Energy, Channel Magic, Forget Spell, Renounce Religion


You were in the Dungeon.
You worshipped Sif Muna.
Sif Muna was exalted by your worship.
You were not hungry.

You visited 1 branch You collected 1267 gold pieces.
You spent 724 gold pieces at shops.

Inventory:

Jewellery
 g - the ring of Hoxe (left tentacle) {*Corrode rElec rF+ rC+}
   (You bought it in a shop in the Dungeon)

   [ring of protection from cold]

   It protects you from fire.
   It protects you from cold.
   It insulates you from electricity.
   It may corrode you when you take damage.
 p - an uncursed ring of see invisible
 t - an uncursed amulet of faith {unknown}
Scrolls
 d - 2 scrolls of remove curse
 l - 5 scrolls of identify
 m - a scroll of fog
 n - 2 scrolls of blinking
Potions
 c - 2 potions of curing
 e - 3 potions of haste
 f - 4 potions of magic
 k - 4 potions of resistance
 x - 2 potions of flight
Books
 a - a book of Flames

   Spells                             Type                      Level
   a - Flame Tongue                   Conjuration/Fire             1
   b - Throw Flame                    Conjuration/Fire             2
   c - Conjure Flame                  Conjuration/Fire             3
   d - Inner Flame                    Hexes/Fire                   3
   e - Sticky Flame                   Conjuration/Fire             4
   f - Fireball                       Conjuration/Fire             5
 b - Maihy's Compendium of Enchantment and Transmutation
   (Sif Muna gifted it to you in the Dungeon)

   Spells                             Type                      Level
   a - Confusing Touch                Hexes                        1
   b - Passwall                       Transmutation/Earth          2
   c - Tukima's Dance                 Hexes                        3
   d - Irradiate                      Conjuration/Transmutation    5
   e - Hydra Form                     Transmutation                6
 h - Sif Muna's Compendium of Excruciating Necromancy
   (Sif Muna gifted it to you in the Dungeon)

   Spells                             Type                      Level
   a - Corpse Rot                     Necromancy                   2
   b - Dazzling Spray                 Conjuration/Hexes            3
   c - Throw Icicle                   Conjuration/Ice              4
   d - Bolt of Magma                  Conjuration/Fire/Earth       5
   e - Cigotuvi's Embrace             Necromancy                   5
   f - Bolt of Cold                   Conjuration/Ice              6
   g - Death Channel                  Necromancy                   6
 i - a book of Minor Magic

   Spells                             Type                      Level
   a - Magic Dart                     Conjuration                  1
   b - Blink                          Translocation                2
   c - Call Imp                       Summoning                    2
   d - Slow                           Hexes                        2
   e - Conjure Flame                  Conjuration/Fire             3
   f - Mephitic Cloud                 Conjuration/Poison/Air       3
 j - a book of Death

   Spells                             Type                      Level
   a - Corpse Rot                     Necromancy                   2
   b - Sublimation of Blood           Necromancy                   2
   c - Agony                          Necromancy                   5
   d - Dispel Undead                  Necromancy                   5
   e - Excruciating Wounds            Charms/Necromancy            5
   f - Bolt of Draining               Conjuration/Necromancy       5
Comestibles
 s - 2 meat rations
 w - a royal jelly


   Skills:
 + Level 2.1 Fighting
 + Level 6.7 Dodging
 - Level 2.6 Stealth
 * Level 14.2 Spellcasting
 * Level 12.8 Conjurations
 + Level 0.7 Hexes
 + Level 13.7 Fire Magic
 * Level 0.2 Ice Magic
 - Level 5.6 Invocations


You had 8 spell levels left.
You knew the following spells:

 Your Spells              Type           Power        Failure   Level  Hunger
a - Flame Tongue          Conj/Fire      #####        1%          1    None
b - Conjure Flame         Conj/Fire      ######..     1%          3    None
c - Sticky Flame          Conj/Fire      ######..     1%          4    ##.....
d - Fireball              Conj/Fire      ######....   1%          5    ####...
e - Inner Flame           Hex/Fire       ####....     1%          3    None
f - Mephitic Cloud        Conj/Pois/Air  ###.....     3%          3    None
g - Blink                 Tloc           N/A          10%         2    None
h - Throw Icicle          Conj/Ice       ####....     4%          4    ##.....
i - Bolt of Magma         Conj/Fire/Erth #####.....   4%          5    ####...


Dungeon Overview and Level Annotations

Branches:
Dungeon (1/1)

Altars:
Cheibriados
Dithmenos
Elyvilon
Fedhas
Gozag
Hepliaklqana
Kikubaaqudgha
Makhleb
Nemelex Xobeh
Okawaru
Qazlal
Ru
Sif Muna
Trog
Uskayaw
Vehumet
Wu Jian
Xom
Yredelemnul
Zin
The Shining One
Beogh
Jiyva
Lugonu

Shops:
D :}:=((!%=?[=([=!

Annotations:
D exclusion: oklob plant


Innate Abilities, Weirdness & Mutations

You cannot wear most types of armour.
You are very stealthy in the water. (Stealth+)
You are amphibious.
You can wear up to eight rings at the same time.
You can use your tentacles to constrict eight enemies at once.
Your skin changes colour to match your surroundings (Stealth+).
Your rubbery body absorbs attacks. (AC +1, EV +1)
Your body sometimes deteriorates upon taking damage.
You are very dopey. (Int -4)
You are frail. (-10% HP)
Potions are less effective at restoring your health.
You expend magic power (3 MP) to strengthen your wands.


Message History

You kill the tentacle!
The tentacle seems less confused.
Casting: Fireball
Confirm with . or Enter, or press ? or * to list all spells.
Aiming: Fireball
Press: ? - help, Shift-Dir - straight line, f - tentacle segment
Aim: a tentacle segment (noxious fumes)
The fireball explodes!
The fireball engulfs the tentacle segment.
The tentacle segment is moderately wounded.
The fireball engulfs the tentacle.
The tentacle is lightly wounded.
The fireball engulfs the tentacle segment.
The tentacle segment is heavily wounded.
The tentacle misses you. x2
Casting: Fireball
Confirm with . or Enter, or press ? or * to list all spells.
You don't have enough magic to cast that spell.
You fail to use your ability.
The tentacle slaps you!!
You die...

#...▓≈≈≈≈≈≈≈≈▓▓
#§§▓▓▓▓▓▓▓▓▓▓▓
#[)▓([...)..▓▓
#§)▓....().(▓▓
+.##.#})▓.(..(...▓▓
...####▓.(.....(▓▓
#^.##.#▓......(.▓▓
+..#..#▓(.......▓▓
#..#%.#▓...[)..@▓▓
##..##.#▓(.....)w▓▓
###..)##▓▓▓▓▓▓▓<▓▓▓▓+▓
..≈≈≈≈≈≈≈≈≈≈≈≈§§──X≈≈▓
.§≈#'########+###.≈w≈▓
..≈#....._._#≈§≈##≈≈≈▓
≈.≈#...._._.#§§§§####▓
≈≈≈#..._._._#§≈≈≈≈
≈§≈#.._._._.#§≈≈§≈


You could see a kraken and 2 tentacles.

Vanquished Creatures
  A yaktaur captain (D)
  A centaur warrior (D)
  A skeletal warrior (D)
  A death drake (D)
  3 shining eyes (D)
  An elephant (D)
  A kobold demonologist (D)
  A yaktaur (D)
  3 polar bears (D)
  A hornet (D)
  2 hippogriffs (D)
  A vampire mosquito (D)
  4 neqoxecs (D)
  4 necrophages (D)
  A swamp drake (D)
  A crocodile (D)
  3 worms (D)
  2 tentacles (D)
32 creatures vanquished.

Vanquished Creatures (others)
  Kirke (D)
  Menkaure (D)
  A crocodile (D)
3 creatures vanquished.

Grand Total: 35 creatures vanquished

Notes
Turn   | Place    | Note
-------+----------+-------------------------------------------
     0 | D        | Conn321 the Octopode Fire Elementalist began the quest for the Orb.
     0 | D        | Reached XP level 1. HP: 11/11 MP: 3/3
     1 | D        | Noticed a necrophage
     1 | D        | Noticed a necrophage
     1 | D        | Noticed a necrophage
     1 | D        | Noticed a necrophage
     8 | D        | Killed a necrophage
     8 | D        | Reached skill level 4 in Spellcasting
     8 | D        | Reached XP level 2. HP: 16/16 MP: 0/7
     8 | D        | Reached XP level 3. HP: 20/20 MP: 0/9
     8 | D        | Reached XP level 4. HP: 26/26 MP: 0/10
    14 | D        | Killed a necrophage
    14 | D        | Reached skill level 5 in Spellcasting
    14 | D        | Reached XP level 5. HP: 29/29 MP: 0/13
    20 | D        | Killed a necrophage
    20 | D        | Reached skill level 6 in Spellcasting
    20 | D        | Reached skill level 5 in Conjurations
    20 | D        | Reached XP level 6. HP: 34/34 MP: 1/15
    24 | D        | Killed a necrophage
    24 | D        | Reached skill level 7 in Spellcasting
    41 | D        | Killed Menkaure
   216 | D        | Found a roughly hewn altar of Beogh.
   217 | D        | Found a snail-covered altar of Cheibriados.
   217 | D        | Found a hazy altar of Hepliaklqana.
   218 | D        | Found a shadowy altar of Dithmenos.
   218 | D        | Found a viscous altar of Jiyva.
   219 | D        | Found a white marble altar of Elyvilon.
   219 | D        | Found an ancient bone altar of Kikubaaqudgha.
   220 | D        | Found a blossoming altar of Fedhas.
   220 | D        | Found a corrupted altar of Lugonu.
   220 | D        | Found a deep blue altar of Sif Muna.
   221 | D        | Found an opulent altar of Gozag.
   221 | D        | Found a burning altar of Makhleb.
   221 | D        | Found a bloodstained altar of Trog.
   222 | D        | Found a sparkling altar of Nemelex Xobeh.
   222 | D        | Found a hide-covered altar of Uskayaw.
   223 | D        | Found a basalt altar of Yredelemnul.
   224 | D        | Found an iron altar of Okawaru.
   224 | D        | Found a radiant altar of Vehumet.
   224 | D        | Found a glowing silver altar of Zin.
   224 | D        | Found a sacrificial altar of Ru.
   224 | D        | Found a shimmering altar of Xom.
   225 | D        | Found a stormy altar of Qazlal.
   225 | D        | Found an ornate altar of the Wu Jian Council.
   225 | D        | Found a glowing golden altar of the Shining One.
   231 | D        | Became a worshipper of Sif Muna the Loreminder
   381 | D        | Learned a level 3 spell: Conjure Flame
   386 | D        | Learned a level 4 spell: Sticky Flame
   392 | D        | Learned a level 5 spell: Fireball
   396 | D        | Learned a level 3 spell: Inner Flame
   396 | D        | Noticed a neqoxec
   398 | D        | Gained mutation: You are dopey. (Int -2) [a neqoxec]
   404 | D        | Killed a neqoxec
   404 | D        | Reached * piety under Sif Muna
   404 | D        | Reached skill level 5 in Dodging
   404 | D        | Reached XP level 7. HP: 39/39 MP: 7/18
   475 | D        | Noticed a neqoxec
   480 | D        | Killed a neqoxec
   480 | D        | Reached skill level 8 in Spellcasting
   480 | D        | Reached skill level 10 in Fire Magic
   509 | D        | Noticed a neqoxec
   509 | D        | Noticed a neqoxec
   510 | D        | Gained mutation: You are very dopey. (Int -4) [a neqoxec]
   512 | D        | Found Lythrula's Jewellery Emporium.
   518 | D        | Killed a neqoxec
   518 | D        | Reached ** piety under Sif Muna
   521 | D        | Gained mutation: You are frail. (-10% HP) [a neqoxec]
   522 | D        | Gained mutation: Your body sometimes deteriorates upon taking damage. [a neqoxec]
   523 | D        | Killed a neqoxec
   523 | D        | Reached skill level 9 in Spellcasting
   523 | D        | Reached XP level 8. HP: 16/39 MP: 3/21
   528 | D        | Found Mautzu Vira's Magic Scroll Shoppe.
   528 | D        | Found Jemulin's Jewellery Emporium.
   528 | D        | Found Hamuw's Food Shoppe.
   528 | D        | Found Zihuxe's Jewellery Shoppe.
   528 | D        | Found Pefydoam's Distillery.
   530 | D        | Found Sired's Antique Armour Shoppe.
   530 | D        | Found Edigyet's Distillery.
   530 | D        | Found Vaoril's Antique Armour Emporium.
   531 | D        | Found Sereih's Weapon Shoppe.
   531 | D        | Found Foboeb's Jewellery Emporium.
   532 | D        | Found Waimpeo's Book Shoppe.
   532 | D        | Found Guca Rarr's Gadget Emporium.
   532 | D        | Noticed a wyvern
   533 | D        | Found Ifoasyan's Antique Weapon Shoppe.
   533 | D        | Found Zet Vim's Weapon Emporium.
   699 | D        | Reached *** piety under Sif Muna
   737 | D        | Noticed an obsidian statue
   738 | D        | Noticed a hippogriff
   739 | D        | Noticed a hippogriff
   747 | D        | Killed a hippogriff
   750 | D        | Killed a hippogriff
   750 | D        | Reached **** piety under Sif Muna
   750 | D        | Reached skill level 10 in Spellcasting
   958 | D        | Noticed a flying skull
   958 | D        | Noticed a flying skull
   958 | D        | Noticed a flying skull
   958 | D        | Noticed a flying skull
   958 | D        | Noticed a flying skull
   959 | D        | Noticed a flying skull
   959 | D        | Noticed a flying skull
   959 | D        | Noticed a flying skull
   960 | D        | Noticed a flying skull
   960 | D        | Noticed a flying skull
   960 | D        | Noticed a flying skull
  1023 | D        | Noticed a wyvern
  1023 | D        | Noticed an oklob plant
  1024 | D        | Noticed a slime creature
  1024 | D        | Found Vaitzu's Book Shoppe.
  1027 | D        | Bought the ring of Hoxe {*Corrode rElec rF+ rC+} for 484 gold pieces
  1028 | D        | Noticed a slime creature
  1028 | D        | Noticed a slime creature
  1030 | D        | Noticed a hell hog
  1032 | D        | Noticed a hell hog
  1050 | D        | Bought a book of Minor Magic for 240 gold pieces
  1054 | D        | Learned a level 3 spell: Mephitic Cloud
  1057 | D        | Learned a level 2 spell: Blink
  1095 | D        | Noticed a flying skull
  1097 | D        | Noticed a centaur warrior
  1097 | D        | Noticed Kirke
  1097 | D        | Noticed a yaktaur captain
  1103 | D        | Noticed a skeletal warrior
  1107 | D        | Noticed a kobold demonologist
  1107 | D        | Killed a kobold demonologist
  1107 | D        | Reached ***** piety under Sif Muna
  1107 | D        | Reached skill level 1 in Invocations
  1107 | D        | Reached XP level 9. HP: 8/44 MP: 17/23
  1109 | D        | Noticed an elephant
  1110 | D        | Killed a centaur warrior
  1110 | D        | Identified Sif Muna's Compendium of Excruciating Necromancy (Sif Muna gifted it to you in the Dungeon)
  1110 | D        | Received a gift from Sif Muna
  1110 | D        | Reached skill level 1 in Fighting
  1110 | D        | Reached skill level 11 in Spellcasting
  1122 | D        | Killed a skeletal warrior
  1122 | D        | Reached skill level 10 in Conjurations
  1125 | D        | Killed an elephant
  1125 | D        | Identified Maihy's Compendium of Enchantment and Transmutation (Sif Muna gifted it to you in the Dungeon)
  1125 | D        | Received a gift from Sif Muna
  1125 | D        | Reached skill level 12 in Spellcasting
  1127 | D        | Killed a yaktaur captain
  1127 | D        | Reached skill level 5 in Invocations
  1127 | D        | Reached XP level 10. HP: 13/52 MP: 15/26
  1132 | D        | Noticed a shining eye
  1186 | D        | Killed Kirke
  1288 | D        | Noticed a shining eye
  1290 | D        | Gained mutation: You expend magic power (3 MP) to strengthen your wands. [a shining eye]
  1291 | D        | Killed a shining eye
  1291 | D        | Reached skill level 13 in Spellcasting
  1306 | D        | Learned a level 4 spell: Throw Icicle
  1310 | D        | Gained mutation: Potions are less effective at restoring your health. [a shining eye]
  1314 | D        | Killed a shining eye
  1328 | D        | Noticed a shining eye
  1330 | D        | Killed a shining eye
  1330 | D        | Received a gift from Sif Muna
  1431 | D        | Learned a level 5 spell: Bolt of Magma
  1475 | D        | Reached ****** piety under Sif Muna
  1482 | D        | Noticed a death drake
  1564 | D        | Killed a death drake
  1564 | D        | Reached skill level 14 in Spellcasting
  1564 | D        | Reached XP level 11. HP: 44/56 MP: 6/29
  1628 | D        | Noticed a crystal guardian
  1779 | D        | Noticed a golden dragon
  1781 | D        | Noticed a bone dragon
  1781 | D        | Noticed a cacodemon
  1919 | D        | Noticed a kraken
  2111 | D        | Mangled by a tentacle

Vault maps used:
D:        the_violet_keep_of_menkaure

Skill      XL: |  1  2  3  4  5  6  7  8  9 10 |
---------------+-------------------------------+-----
Dodging        | 3 4 5 6 |  6.7
Spellcasting   | 4 5 6 7 9 10 12 14 | 14.2
Conjurations   | 3 4 5 6 7 8 11 12 | 12.8
Fire Magic     | 6 7 8 9 11 12 13 | 13.7
Invocations    | 1 5 |  5.6
Fighting       | 1 2 |  2.1
Stealth        | |  2.6
Hexes          | |  0.7
Ice Magic      | |  0.2

Action                   |  1- 3 |  4- 6 |  7- 9 | 10-12 || total
-------------------------+-------+-------+-------+-------++-------
Melee: Unarmed           |     3 |    14 |       |       ||    17
       Constrict         |     1 |     3 |       |       ||     4
 Cast: Flame Tongue      |     2 |     6 |    37 |     6 ||    51
       Conjure Flame     |       |     1 |     1 |       ||     2
       Sticky Flame      |       |       |     4 |     2 ||     6
       Fireball          |       |       |     7 |    18 ||    25
       Mephitic Cloud    |       |       |     2 |     8 ||    10
       Blink             |       |       |       |     1 ||     1
       Throw Icicle      |       |       |       |     1 ||     1
       Inner Flame       |       |       |       |     1 ||     1
Invok: Channel Magic     |       |       |     1 |       ||     1
  Use: Potion            |     1 |       |     1 |     6 ||     8
       Scroll            |       |       |       |     8 ||     8
  Eat: Bread ration      |       |       |     1 |       ||     1
       Chunk             |       |       |       |     2 ||     2
       Meat ration       |       |       |       |     1 ||     1
Armor: Skin              |     1 |       |     1 |       ||     2
Dodge: Dodged            |     2 |    10 |    12 |     4 ||    28

Table legend:
 A = Spawn XP
 B = Non-spawn XP
 C = Spawn XP percentage of total XP
 D = Spawn monster count
 E = Non-spawn monster count
 F = Spawn count percentage of total count
 G = Total turns spent on level
                    A         B        C        D         E        F      G
               +---------+---------+-------+---------+---------+-------+---------
         Total |       0 |    9586 |   0.0 |       0 |      31 |   0.0 |  2111
               +---------+---------+-------+---------+---------+-------+---------
             D |       0 |    9586 |   0.0 |       0 |      31 |   0.0 |  2111
               +---------+---------+-------+---------+---------+-------+---------
